 Dungeon Crawl Stone Soup version 0.21.1-1-g345015f (webtiles) character file.

3631 wojtek the Cleaver (level 9, -3/78 HPs)
             Began as a Minotaur Fighter on June 29, 2018.
             Was a Priest of Okawaru.
             Slain by a sky beast (5 damage)
             ... on level 8 of the Dungeon.
             The game lasted 00:07:57 (8341 turns).

wojtek the Cleaver (Minotaur Fighter)               Turns: 8341, Time: 00:07:57

Health: -3/78      AC:  9    Str: 25    XL:     9   Next: 87%
Magic:  12/12      EV: 10    Int:  5    God:    Okawaru [***...]
Gold:   345        SH: 11    Dex:  9    Spells: 8/8 levels left

rFire    + . .     SeeInvis .   a - +0 war axe
rCold    . . .     Gourm    .   c - +0 shield
rNeg     . . .     Faith    .   b - +0 scale mail
rPois    .         Spirit   .   (helmet restricted)
rElec    .         Reflect  .   (no cloak)
rCorr    .         Harm     .   G - +0 pair of gloves {archery}
MR       +....                  (no boots)
Stlth    ..........             (no amulet)
HPRegen  0.23/turn              k - ring of protection from fire
MPRegen  0.13/turn              v - ring of protection from magic

@: no status effects
A: retaliatory headbutt, horns 2
a: Heroism, Renounce Religion


You were on level 8 of the Dungeon.
You worshipped Okawaru.
Okawaru was most pleased with you.
You were hungry.

You visited 2 branches of the dungeon, and saw 9 of its levels.

You collected 345 gold pieces.

Inventory:

Hand Weapons
 a - a +0 war axe (weapon)
Missiles
 J - a throwing net (quivered)
Armour
 b - a +0 scale mail (worn)
 c - a +0 shield (worn)
 D - a +0 large shield
 G - a +0 pair of gloves of archery (worn)
Jewellery
 h - a cursed ring of teleportation {unknown}
 k - a ring of protection from fire (left hand)
 v - a ring of protection from magic (right hand)
 y - a +3 ring of strength {unknown}
 B - an uncursed ring of protection from magic
 F - a +6 ring of slaying {unknown}
Wands
 E - a wand of clouds (4)
Scrolls
 e - 6 scrolls of enchant armour {unknown}
 i - 2 scrolls of immolation {unknown}
 j - 3 scrolls of teleportation {unknown}
 l - 2 scrolls of blinking {unknown}
 m - a scroll of amnesia {unknown}
 o - a scroll of fear {unknown}
 q - 3 scrolls of magic mapping {unknown}
 r - 4 scrolls of remove curse {unknown}
 t - 8 scrolls of identify {unknown}
 u - 3 scrolls of noise {unknown}
 w - a scroll of enchant weapon {unknown}
 H - a scroll of random uselessness {unknown}
 I - a scroll of vulnerability {unknown}
 O - a scroll of fog {unknown}
Potions
 d - a potion of might
 g - 2 potions of flight {unknown}
 n - a potion of heal wounds
 p - a potion of resistance {unknown}
 s - a potion of ambrosia {unknown}
 x - 3 potions of curing {unknown}
 z - a potion of cancellation {unknown}
 A - 2 potions of brilliance {unknown}
 C - 4 potions of lignification {unknown}
 K - a potion of invisibility {unknown}
 L - a potion of magic {unknown}
 M - a potion of agility {unknown}
Comestibles
 f - 13 rations
 N - a chunk of flesh


   Skills:
 + Level 6.8 Fighting
 + Level 9.6 Axes
 + Level 6.8 Armour
 + Level 5.1 Dodging
 + Level 6.9 Shields
 * Level 6.6 Invocations


You had 8 spell levels left.
You didn't know any spells.

Dungeon Overview and Level Annotations

Branches:
Dungeon (8/15)             Temple (1/1) D:4
   Lair: D:8-11

Altars:
Ashenzari
Cheibriados
Dithmenos
Elyvilon
Fedhas
Gozag
Kikubaaqudgha
Makhleb
Nemelex Xobeh
Okawaru
Qazlal
Ru
Sif Muna
Trog
Uskayaw
Vehumet
Wu Jian
Xom
Yredelemnul
Zin
The Shining One

Annotations:
D:3 sefi's ghost, amateur GrIE
D:4 dig quasits


Innate Abilities, Weirdness & Mutations

You reflexively headbutt those who attack you in melee.
You have a pair of horns on your head.


Message History

You closely miss something. Something hits you.
* * * LOW HITPOINT WARNING * * *
Something shocks you.
* * * LOW HITPOINT WARNING * * *
You barely miss something. You headbutt something. Something hits you.
* * * LOW HITPOINT WARNING * * *
Something shocks you.
* * * LOW HITPOINT WARNING * * *
You miss something. You block something's attack.
A sky beast appears from thin air!
Reactivating autopickup.
Things that are here:
a giant club; a dire flail The sky beast closely misses you.
You hit the sky beast. Your headbutt misses the sky beast.
The sky beast is moderately wounded.
The sky beast hits you.
* * * LOW HITPOINT WARNING * * *
The sky beast shocks you.
You die...

#.......)))....#
#.......)(>....#
#.......(......#
##......<.......#
................#
...#........#####
...#.#......# ..
#.#.#.####
..#.@Y# .. #...#
#. #...# #...#
#.).# #...# #≈..#
#...# ##..#


You could see a sky beast.

Vanquished Creatures
  A two-headed ogre (D:8)
  2 hippogriffs
  A hungry ghost (D:7)
  Menkaure (D:7)
  A black bear (D:6)
  A phantom (D:7)
  An orc warrior (D:7)
  2 ice beasts
  4 ogres
  A centaur (D:6)
  2 big kobolds
  A gnoll sergeant (D:5)
  A bullfrog (D:6)
  5 wights (D:7)
  A howler monkey (D:5)
  2 crimson imps
  A bullfrog zombie (D:5)
  3 hounds
  5 orc priests
  2 bullfrog skeletons (D:5)
  3 jellies
  7 orc wizards
  A centaur skeleton (D:5)
  An iguana (D:7)
  4 worker ants
  A hound zombie (D:6)
  A hound skeleton (D:4)
  4 gnolls
  4 adders
  3 shadow imps
  An ooze (D:5)
  A dart slug (D:3)
  5 leopard geckos
  20 orcs
  3 giant cockroaches
  2 goblins
  5 hobgoblins
  4 jackals
  12 kobolds
  4 quokkas
  A ball python (D:1)
  2 ball python skeletons
  5 bats
  4 frilled lizards
  A giant cockroach zombie (D:5)
  2 jackal skeletons
  2 quokka skeletons
  5 rats
146 creatures vanquished.

Notes
Turn   | Place    | Note
-------+----------+-------------------------------------------
     0 | D:1      | wojtek the Minotaur Fighter began the quest for the Orb.
     0 | D:1      | Reached XP level 1. HP: 19/19 MP: 0/0
    34 | D:1      | Reached skill level 3 in Axes
   192 | D:1      | Reached XP level 2. HP: 23/26 MP: 1/1
   215 | D:1      | You fall through a shaft!
   265 | D:2      | Reached skill level 4 in Axes
   265 | D:2      | Reached XP level 3. HP: 31/31 MP: 2/2
   904 | D:1      | Reached skill level 5 in Axes
  1317 | D:2      | Reached XP level 4. HP: 33/39 MP: 3/3
  1607 | D:3      | Noticed sefi's ghost (amateur GrIE)
  2219 | D:3      | Reached skill level 6 in Axes
  2307 | D:4      | Reached XP level 5. HP: 37/45 MP: 4/4
  2480 | D:4      | Reached skill level 7 in Axes
  2488 | D:4      | Reached XP level 6. HP: 11/51 MP: 5/5
  2951 | D:4      | Found a staircase to the Ecumenical Temple.
  2971 | Temple   | Entered the Ecumenical Temple
  3026 | Temple   | Became a worshipper of Warmaster Okawaru
  3152 | D:4      | HP: 2/51 [ogre/giant spiked club (10)]
  3667 | D:4      | Found a shattered altar of Ashenzari.
  3688 | D:4      | Found a blossoming altar of Fedhas.
  3693 | D:4      | Found a shadowy altar of Dithmenos.
  3696 | D:4      | Found a burning altar of Makhleb.
  3696 | D:4      | Found an ancient bone altar of Kikubaaqudgha.
  3706 | D:4      | Found a glowing golden altar of the Shining One.
  3706 | D:4      | Found an ornate altar of the Wu Jian Council.
  3707 | D:4      | Found a radiant altar of Vehumet.
  3737 | D:4      | Noticed a hippogriff
  3743 | D:4      | Killed a hippogriff
  3743 | D:4      | Reached skill level 8 in Axes
  3743 | D:4      | Reached skill level 1 in Dodging
  3743 | D:4      | Reached skill level 1 in Invocations
  3743 | D:4      | Reached XP level 7. HP: 48/59 MP: 5/7
  3966 | D:5      | Entered Level 5 of the Dungeon
  4924 | D:5      | Reached * piety under Okawaru
  4949 | D:5      | Reached XP level 8. HP: 62/67 MP: 9/9
  5108 | D:5      | Found a shimmering altar of Xom.
  5690 | D:6      | Reached skill level 5 in Shields
  5858 | D:6      | Reached skill level 5 in Fighting
  5858 | D:6      | Reached skill level 5 in Armour
  6810 | D:7      | Reached ** piety under Okawaru
  6923 | D:7      | Reached skill level 9 in Axes
  6923 | D:7      | Reached skill level 5 in Invocations
  7052 | D:7      | Reached XP level 9. HP: 55/75 MP: 11/11
  7643 | D:7      | Noticed Menkaure
  7654 | D:7      | Killed Menkaure
  7654 | D:7      | Reached *** piety under Okawaru
  8283 | D:8      | Noticed a two-headed ogre
  8296 | D:8      | Killed a two-headed ogre
  8296 | D:8      | Reached skill level 5 in Dodging
  8330 | D:8      | HP: 3/78 [something (5)]
  8341 | D:8      | HP: 2/78 [sky beast (4)]
  8341 | D:8      | Slain by a sky beast

Skill      XL: |  1  2  3  4  5  6  7  8  9 |
---------------+----------------------------+-----
Axes           | 3 4 5 6 7 8 9 |  9.6
Fighting       | 4 5 6 |  6.8
Armour         | 4 5 6 |  6.8
Dodging        | 1 2 4 5 |  5.1
Shields        | 4 5 6 |  6.9
Invocations    | 1 3 5 6 |  6.6

Action                   |  1- 3 |  4- 6 |  7- 9 || total
-------------------------+-------+-------+-------++-------
Melee: War axe           |    61 |    90 |   288 ||   439
       Headbutt          |     6 |    19 |    64 ||    89
  Eat: Chunk             |     1 |     8 |    14 ||    23
       Ration            |       |       |     1 ||     1
Armor: Scale mail        |    31 |    37 |    90 ||   158
Dodge: Dodged            |    13 |    26 |    78 ||   117
Block: Shield            |    29 |    44 |   135 ||   208
